 Dungeon Crawl Stone Soup version 0.30.0-16-gbe6223bb7e (webtiles) character file.

Game seed: 17193472121691231000

34 cheesebisquit the Chiller (level 3, -2/24 HPs)
             Began as a Merfolk Ice Elementalist on May 20, 2023.
             Slain by a phantom (4 damage)
             ... on level 2 of the Dungeon.
             The game lasted 00:04:12 (1355 turns).

cheesebisquit the Chiller (MfIE)                    Turns: 1355, Time: 00:04:13

Health: -2/24      AC:  3    Str:  8    XL:     3   Next: 31%
Magic:  2/7        EV: 12    Int: 16    God:
Gold:   131        SH:  0    Dex: 14    Spells: 6/7 levels left

rFire   . . .        c - +3 whip (vamp)
rCold   . . .        (no shield)
rNeg    . . .        a - +0 robe
rPois   .            (no helmet)
rElec   .            (no cloak)
rCorr   .            f - +0 pair of gloves
SInv    .            (no boots)
Will    +....        (no amulet)
Stlth   ++           q - ring of willpower
HPRegen 0.24/turn    (no ring)
MPRegen 0.10/turn

%: no passive effects
@: no status effects
A: (nimble swimmer 2), mertail
a: no special abilities


You were on level 2 of the Dungeon.
You visited 1 branch of the dungeon, and saw 2 of its levels.

You collected 131 gold pieces.

Inventory:

Hand Weapons
 c - a +3 vampiric whip (weapon)
 h - a +2 dagger of venom
Armour
 a - a +0 robe (worn)
 f - a +0 pair of gloves (worn)
Jewellery
 m - a ring of fire
 q - a ring of willpower (left hand)
Wands
 n - a wand of mindburst (6)
Scrolls
 d - a scroll of summoning {unknown}
 g - a scroll of blinking {unknown}
 i - 2 scrolls of brand weapon
 j - a scroll of noise {unknown}
 k - a scroll of magic mapping {unknown}
 l - a scroll of immolation {unknown}
 o - 2 scrolls of identify {unknown}
 p - a scroll of amnesia {unknown}
 s - a scroll of teleportation {unknown}
Potions
 b - 2 potions of magic
 e - 3 potions of curing {unknown}
 r - a potion of flight {unknown}


   Skills:
 - Level 2.6 Dodging
 - Level 2.1 Stealth
 + Level 2.7 Spellcasting
 + Level 5.0 Ice Magic


You had 6 spell levels left.
You knew the following spells:

 Your Spells              Type           Power      Damage    Failure   Level
a - Freeze                Ice            72%        1d8       2%          1

Your spell library contained the following spells:

 Spells                   Type           Power      Damage    Failure   Level
 Frozen Ramparts          Ice            36%        1d6       7%          3
 Ozocubu's Armour         Ice            18%        N/A       7%          3
 Summon Ice Beast         Ice/Summ       10%        N/A       56%         4


Dungeon Overview and Level Annotations

Branches:
Dungeon (2/15)

Altars:


Innate Abilities, Weirdness & Mutations

((You are very nimble when in or above water. (Stealth+, EV+, Speed+++)))
Your lower body shifts to a powerful aquatic tail in water.


Message History

The phantom is moderately damaged.
The phantom barely misses you.
You barely miss the phantom.
You punch the phantom, but do no damage.
The phantom is moderately damaged.
The phantom closely misses you.
You completely miss the phantom.
The phantom is moderately damaged.
The phantom hits you.
You hit the phantom.
The phantom is heavily damaged.
The phantom hits you.
The phantom blinks!
You blink.
You hit the phantom.
The phantom is heavily damaged.
The phantom hits you.
The phantom blinks!
You blink.
You barely miss the phantom.
The phantom is heavily damaged.
The phantom hits you but does no damage.
You are too injured to fight recklessly!
You closely miss the phantom.
The phantom is heavily damaged.
The phantom hits you.
* * * LOW HITPOINT WARNING * * *
The phantom blinks!
You blink.
Okay, then.
The phantom barely misses you. The phantom attacks as you move away!
The phantom barely misses you. The phantom attacks as you move away!
The phantom hits you.
* * * LOW HITPOINT WARNING * * *
There is a stone staircase leading up here.
As you read the scroll labelled XIGUS RUUMYA, it crumbles to dust.
It is a scroll of brand weapon.
Your +3 whip thirsts for the lives of mortals!
c - a +3 vampiric whip The phantom closely misses you.
Your +2 dagger of venom stops dripping with poison.
You feel a sense of dread.
c - a +3 vampiric whip (weapon)
The phantom hits you.
You die...

#...........##..####..####.###
#..........................## ##
.............#.###..........####.
##.............###..........##...
.#.####...##...................##
...# #..#....#.###..........####
...# #.#...###..##..........#
...###...#.# ##W##..........#
##..##..##.# #.@.....##.####
###.##..##.# ######.....#
#.....##.## #...#### #.....#...#
#...# #.....#...# ...##
#####.....# . ###...# #...# #...#


You could see a phantom.

Vanquished Creatures
  A dart slug (D:2)
  3 ball pythons (D:1)
  2 bats (D:1)
  3 endoplasms
  3 goblins
  4 hobgoblins
  4 jackals (D:1)
  4 kobolds (D:1)
  4 rats
28 creatures vanquished.

Notes
Turn   | Place    | Note
-------+----------+-------------------------------------------
     0 | D:1      | cheesebisquit the Merfolk Ice Elementalist began the quest
                  | for the Orb.
     0 | D:1      | Reached XP level 1. HP: 13/13 MP: 3/3
     1 | D:1      | Noticed an electric eel
   155 | D:1      | Reached XP level 2. HP: 19/19 MP: 1/5
   780 | D:2      | Reached XP level 3. HP: 24/24 MP: 2/6
   940 | D:2      | Reached skill level 5 in Ice Magic
  1120 | D:2      | Noticed a phantom
  1174 | D:2      | Found a faded altar of an unknown god.
  1352 | D:2      | HP: 1/24 [phantom (4)]
  1355 | D:2      | Slain by a phantom

Illustrated notes

Levels and vault maps discovered:
D:1:      arrival_aquarium_a, layout_loops_ring
D:2:      layout_rooms, shapermc_ecumenical_altar_mp_urbaneastern

Skill      XL: |  1  2  3 |
---------------+----------+-----
Ice Magic      | 5 |  5.0
Dodging        | |  2.6
Stealth        | |  2.1
Spellcasting   | |  2.7

Action                     || total
---------------------------++-------
  Melee: Whip              ||    37
         Dagger            ||    17
         Punch             ||     1
   Cast: Freeze            ||    31
    Use: Scroll            ||     1
   Stab: Sleeping          ||     3
 Armour: Robe              ||    26
  Dodge: Dodged            ||    47
